 Dungeon Crawl Stone Soup version 0.19-a0-1855-gb7442ac (webtiles) character file.

1096 graki42 the Chopper (level 8, -12/72 HPs)
             Began as a Deep Dwarf Fighter on Oct 12, 2016.
             Was an Initiate of Makhleb.
             Mangled by an orc warrior
             ... wielding a +0 halberd
              (16 damage)
             ... on level 6 of the Dungeon.
             The game lasted 00:13:44 (3495 turns).

graki42 the Chopper (Deep Dwarf Fighter)            Turns: 3495, Time: 00:13:44

Health: -12/72     AC:  7    Str: 28    XL:     8   Next: 10%
Magic:  8/8        EV:  9    Int:  8    God:    Makhleb [......]
Gold:   289        SH: 11    Dex: 12    Spells: 0 memorised, 7 levels left

rFire  + . .     SeeInvis .     a - +0 war axe
rCold  . . .     Gourm    .     b - +0 scale mail
rNeg   . . .     Faith    .     c - +0 shield
rPois  .         Spirit   .     (no helmet)
rElec  .         Dismiss  .     (no cloak)
rCorr  .         Reflect  .     (no gloves)
MR     +....     Harm     .     (no boots)
Stlth  ..........               (no amulet)
                                (no ring)
                                n - ring of protection from fire

@: mighty, non-regenerating
A: damage resistance, recharge devices, sense surroundings 1, slow regeneration
3
a: Device Recharging, Renounce Religion


You were on level 6 of the Dungeon.
You worshipped Makhleb.
Makhleb was noncommittal.
You were hungry.

You visited 2 branches of the dungeon, and saw 7 of its levels.

You collected 289 gold pieces.

Inventory:

Hand Weapons
 a - a +0 war axe (weapon)
Armour
 b - a +0 scale mail (worn)
 c - a +0 shield (worn)
Jewellery
 n - a ring of protection from fire (left hand)
 s - an uncursed ring of ice
Wands
 e - a wand of heal wounds (1/9)
 w - a wand of iceblast (8/15)
 z - a wand of acid (7/15)
Scrolls
 g - 2 scrolls of enchant armour {unknown}
 h - 4 scrolls of magic mapping {unknown}
 i - 9 scrolls of remove curse {unknown}
 m - 5 scrolls of identify {unknown}
 o - a scroll of random uselessness {unknown}
 t - 2 scrolls of fear {unknown}
 u - 3 scrolls of teleportation {unknown}
 y - a scroll of immolation {unknown}
 B - a scroll of enchant weapon {unknown}
 E - a scroll of blinking {unknown}
Potions
 k - 2 potions of curing {unknown}
 l - a potion of ambrosia {unknown}
 p - a potion of mutation {unknown}
 q - a potion of haste {unknown}
 r - a potion of agility {unknown}
 v - a potion of lignification {unknown}
 x - a potion of flight {unknown}
 A - a potion of magic {unknown}
 D - a potion of degeneration {unknown}
Comestibles
 f - 3 bread rations
 j - 2 meat rations


   Skills:
 + Level 4.2 Fighting
 + Level 7.2 Axes
 + Level 5.7 Armour
 + Level 1.9 Dodging
 + Level 0.3 Stealth
 + Level 5.1 Shields
 + Level 0.6 Evocations


You had 7 spell levels left.
You didn't know any spells.

Dungeon Overview and Level Annotations

Branches:
Dungeon (6/15)             Temple (1/1) D:5

Altars:
Elyvilon
Fedhas
Kikubaaqudgha
Makhleb
Nemelex Xobeh
Okawaru
Qazlal
Sif Muna
Uskayaw
Vehumet
Xom
Yredelemnul
The Shining One

Shops:
D:5 =


Innate Abilities, Weirdness & Mutations

You are resistant to damage.
You can recharge devices by infusing magical energy.
You passively map a small area around you.
You do not regenerate.


Message History

Makhleb accepts your kill.
The orc warrior hits you with a halberd!!
Things that are here:
a dagger; a robe; an orc corpse You barely miss the orc warrior.
You block the orc warrior's attack.
You slash the orc warrior!
The orc warrior is moderately wounded.
The orc warrior hits you with a halberd.
* * * LOW HITPOINT WARNING * * *
You slash the orc warrior!
The orc warrior is severely wounded.
You block the orc warrior's attack.
You closely miss the orc warrior.
The orc warrior is severely wounded.
The orc warrior hits you with a halberd!!
* * * LOW HITPOINT WARNING * * *
You hit the orc warrior.
The orc warrior is almost dead.
The orc warrior hits you with a halberd!
You die...

######........#
#####....# ##...#
* ##..## #...# ≈
#...# * ##...##
####.....##*
#o@.........#** ≈
#.....)..........
########.........)
≈ ≈ #..........
#.........#
#........#
...##...# ###*#..
*


You could see an orc warrior.

Vanquished Creatures
  Pikel (D:4)
  A sky beast (D:5)
  A scorpion (D:6)
  2 bullfrog zombies (D:5)
  4 orc wizards
  3 worker ants
  A hound skeleton (D:5)
  A gnoll (D:4)
  A worker ant zombie (D:5)
  9 adders
  2 oozes (D:3)
  An adder skeleton (D:6)
  4 dart slugs
  2 leopard geckos (D:3)
  8 orcs
  8 giant cockroaches
  10 goblins
  7 hobgoblins
  A quokka (D:5)
  A ball python (D:3)
  5 bats
  8 frilled lizards
  10 kobolds
  10 rats
101 creatures vanquished.

Notes
Turn   | Place    | Note
-------+----------+-------------------------------------------
     0 | D:1      | graki42 the Deep Dwarf Fighter began the quest for the Orb.
     0 | D:1      | Reached XP level 1. HP: 20/20 MP: 1/1
    61 | D:1      | Reached XP level 2. HP: 27/27 MP: 2/2
   238 | D:1      | Found a sparkling altar of Nemelex Xobeh.
   471 | D:2      | Reached XP level 3. HP: 30/34 MP: 3/3
   562 | D:2      | Found a blossoming altar of Fedhas.
   878 | D:2      | Reached skill level 3 in Axes
  1033 | D:2      | Reached XP level 4. HP: 32/42 MP: 4/4
  1654 | D:3      | Reached skill level 1 in Dodging
  1889 | D:3      | Reached XP level 5. HP: 47/49 MP: 5/5
  2166 | D:4      | Noticed Pikel
  2166 | D:4      | Noticed a slave
  2166 | D:4      | Noticed a slave
  2167 | D:4      | Noticed a slave
  2168 | D:4      | Noticed a slave
  2178 | D:4      | Killed Pikel
  2178 | D:4      | Reached skill level 5 in Axes
  2178 | D:4      | Reached skill level 5 in Armour
  2178 | D:4      | Reached XP level 6. HP: 49/57 MP: 6/6
  2178 | D:4      | Reached XP level 7. HP: 55/64 MP: 7/7
  2317 | D:4      | Reached skill level 6 in Axes
  2712 | D:5      | Entered Level 5 of the Dungeon
  2712 | D:5      | Found Gaes's Jewellery Boutique.
  2712 | D:5      | Found a staircase to the Ecumenical Temple.
  2722 | Temple   | Entered the Ecumenical Temple
  2790 | Temple   | Became a worshipper of Makhleb the Destroyer
  2960 | D:5      | Reached skill level 5 in Shields
  2978 | D:5      | Reached skill level 7 in Axes
  3447 | D:6      | Reached XP level 8. HP: 18/72 MP: 8/8
  3495 | D:6      | Mangled by an orc warrior

Vault maps used:
D:1:      minmay_arrival_four_circles, kennysheep_flooded_box
D:2:      fedhas_altar_3
D:3:      minmay_door_path
D:4:      first_bread, uniq_pikel
D:5:      serial_shops, shop
D:6:      kennysheep_mini_moat, serial_bayou_lagoon_a
Temple:   eino_temple_scatter_basement

Skill      XL: |  1  2  3  4  5  6  7 |
---------------+----------------------+-----
Fighting       | 3 4 |  4.2
Axes           | 3 5 7 |  7.2
Shields        | 4 5 |  5.1
Dodging        | 1 |  1.9
Armour         | 4 5 |  5.7
Stealth        | |  0.3
Evocations     | |  0.6

Action                   |  1- 3 |  4- 6 |  7- 9 || total
-------------------------+-------+-------+-------++-------
Melee: War axe           |   127 |    92 |   128 ||   347
Evoke: Wand              |       |     1 |     4 ||     5
  Use: Potion            |       |     1 |     1 ||     2
  Eat: Chunk             |     1 |     3 |     4 ||     8
Armor: Scale mail        |    68 |    30 |    53 ||   151
Dodge: Dodged            |    41 |    34 |    36 ||   111
Block: Shield            |    59 |    34 |    57 ||   150
